 Dungeon Crawl Stone Soup version 0.29-a0-96-g93358da72b (webtiles) character file.

Game seed: 10050588757976551666

233 rabbitsville the Digger (level 5, -4/38 HPs)
             Began as a Demigod Earth Elementalist on Nov 11, 2021.
             Slain by an orc warrior (16 damage)
             ... on level 3 of the Dungeon on Feb 10, 2022.
             The game lasted 00:33:05 (3528 turns).

rabbitsville the Digger (DgEE)                      Turns: 3528, Time: 00:33:07

Health: -4/38      AC:  5    Str:  9    XL:     5   Next: 46%
Magic:  10/12      EV: 12    Int: 21    God:
Gold:   142        SH:  0    Dex: 14    Spells: 3/9 levels left

rFire   . . .      SeeInvis .   t - +1 whip (venom)
rCold   . . .      Faith    .   (no shield)
rNeg    . . .      Spirit   .   b - +0 robe
rPois   .          Reflect  .   q - +2 hat
rElec   .          Harm     .   (no cloak)
rCorr   .          Rampage  .   f - +0 pair of gloves
Will    .....                   (no boots)
Stlth   ++........              (no amulet)
HPRegen 0.12/turn               (no ring)
MPRegen 0.13/turn               (no ring)

@: no status effects
A: high MP 1, forlorn, divine attributes
a: no special abilities


You were on level 3 of the Dungeon.
You visited 1 branch of the dungeon, and saw 4 of its levels.

You collected 142 gold pieces.

Inventory:

Hand Weapons
 l - a +0 spear
 t - a +1 whip of venom (weapon)
Missiles
 c - 24 stones
 d - 2 boomerangs (quivered)
 m - 4 poisoned darts
Armour
 b - a +0 robe (worn)
 f - a +0 pair of gloves (worn)
 q - a +2 hat (worn)
Scrolls
 e - a scroll of teleportation
 g - a scroll of torment {unknown}
 h - a scroll of blinking {unknown}
 k - a scroll of brand weapon {unknown}
 o - 2 scrolls of identify {unknown}
 p - a scroll of fog {unknown}
 s - a scroll of vulnerability {unknown}
Potions
 a - a potion of magic {unknown}
 i - a potion of degeneration {unknown}
 j - a potion of resistance {unknown}
 n - a potion of cancellation {unknown}
 r - a potion of curing {unknown}


   Skills:
 - Level 1.7 Dodging
 - Level 1.7 Stealth
 + Level 2.9 Spellcasting
 + Level 1.0 Conjurations
 - Level 2.2 Transmutations
 * Level 4.6 Earth Magic


You had 3 spell levels left.
You knew the following spells:

 Your Spells              Type           Power      Damage    Failure   Level
a - Sandblast             Erth           44%        2d11      1%          1
b - Passwall              Tmut/Erth      14%        N/A       4%          2
c - Stone Arrow           Conj/Erth      30%        3d8       12%         3

Your spell library contained the following spells:

 Spells                   Type           Power      Damage    Failure   Level
 Sublimation of Blood     Necr           3%         N/A       21%         2
 Petrify                  Tmut/Erth      17%        N/A       32%         4
 Irradiate                Conj/Tmut      4%         3d15      88%         5


Dungeon Overview and Level Annotations

Branches:
Dungeon (4/15)
 Temple: D:4-7

Annotations:
D:4 Ijyb


Innate Abilities, Weirdness & Mutations

You have an increased reservoir of magic. (+10% MP)
You shall have no god before yourself.
Your divine heritage dramatically boosts your attributes as you level up.


Message History

You see here a +0 club.
You see here a +0 dagger.
You see here a +0 dagger.
You see here a +0 dagger.
Found a stone staircase leading up.
Found a robe.
You see here a +0 robe.
There is a stone staircase leading up here.
You now have 142 gold pieces (gained 10).
Done exploring.
There is a stone staircase leading down here.
You climb downwards.
There is a stone staircase leading up here.
Done exploring.
There is a stone staircase leading down here.
You climb downwards.
Level annotation: Ijyb The orc warrior closely misses you.
The orc warrior hits you with a +0 mace!
There is a stone staircase leading up, spattered with blood here.
The orc warrior hits you with a +0 mace!
You climb upwards.
There is a stone staircase leading down here.
Casting: Sandblast (safe; 1% risk of failure)
Confirm with . or Enter, or press ? or * to list all spells.
Aiming: Sandblast (safe; 1% risk of failure)
Press: ? - help, Shift-Dir - straight line, f - orc warrior
Aim: an orc warrior, wielding a +0 mace and wearing a +0 chain mail (78% to hit)
The blast of sand hits the orc warrior but does no damage.
c - 25 stones The orc warrior barely misses you.
Casting: Sandblast (safe; 1% risk of failure)
Confirm with . or Enter, or press ? or * to list all spells.
Aiming: Sandblast (safe; 1% risk of failure)
Press: ? - help, Shift-Dir - straight line, f/p - orc warrior
Aim: an orc warrior, wielding a +0 mace and wearing a +0 chain mail (78% to hit)
The blast of sand hits the orc warrior but does no damage.
c - 24 stones The orc warrior hits you with a +0 mace!
You die...

.....# #.#.#....#####..#
###..######### #.#.#.#.## #..#
.............###.#.#.#.# #..#
.##..######......#.#.#.### #..#
.##.........<............####..##
.##....####.......[#.#.#.........
.#####.# #..........#.######..##
.# #.# #.....o......# #..## >#
##.####.....@....########..## .#
#..........................##
.####..#####.......#.#########.##
.............#...<.#...........##
#####..#########...##############
...................# #
######.#########<#.# # #.# #.#.#
# #.# #.#.#


You could see an orc warrior.

Vanquished Creatures
  Jessica (D:3)
  Natasha (thrice) (D:3)
  Robin (D:2)
  5 gnolls
  2 adders
  A dart slug (D:1)
  2 orcs (D:3)
  5 ball pythons
  4 endoplasms
  2 giant cockroaches
  10 goblins
  6 hobgoblins
  A quokka (D:1)
  5 bats
  A frilled lizard (D:3)
  4 kobolds
  2 rats
55 creatures vanquished.

Notes
Turn   | Place    | Note
-------+----------+-------------------------------------------
     0 | D:1      | rabbitsville the Demigod Earth Elementalist began the quest
                  | for the Orb.
     0 | D:1      | Reached XP level 1. HP: 14/14 MP: 5/5
   139 | D:1      | Reached skill level 1 in Transmutations
   414 | D:1      | Reached skill level 3 in Earth Magic
   615 | D:1      | Reached XP level 2. HP: 20/20 MP: 4/7
  1244 | D:2      | Noticed Natasha
  1328 | D:1      | Upgraded the game from 0.28-a0-834-g1a73be5ee4 to
                  | 0.29-a0-96-g93358da72b
  1395 | D:3      | Reached XP level 3. HP: 25/26 MP: 4/8
  1567 | D:3      | Noticed Jessica
  2024 | D:4      | Noticed Ijyb
  2176 | D:4      | Noticed an ogre
  2189 | D:4      | Noticed an orc warrior
  2214 | D:3      | Killed Natasha
  2258 | D:1      | Reached XP level 4. HP: 26/33 MP: 8/10
  2386 | D:2      | Noticed Robin
  2549 | D:3      | Noticed Natasha
  2554 | D:3      | Killed Natasha
  2555 | D:3      | Reached skill level 4 in Earth Magic
  2625 | D:3      | Noticed Natasha
  2637 | D:3      | Killed Natasha
  2716 | D:3      | Killed Jessica
  2717 | D:3      | Reached XP level 5. HP: 38/38 MP: 9/12
  3161 | D:2      | Killed Robin
  3162 | D:2      | Reached skill level 1 in Conjurations
  3262 | D:2      | Learned a level 2 spell: Passwall
  3266 | D:2      | Learned a level 3 spell: Stone Arrow
  3528 | D:3      | Slain by an orc warrior

Illustrated notes

Levels and vault maps discovered:
D:1:      wander_arrival_desolate, layout_basic, minmay_hexomino_p4
D:2:      layout_loops_ring, uniq_natasha, uniq_robin
D:3:      layout_loops_ring, nicolae_uskayaw_murder_on_the_dancefloor,
          chequers_ecumenical_altar_simple, uniq_jessica
D:4:      layout_basic, marbit_many_paths, minmay_temple_entry_junction,
          serial_shops, nicolae_square_shop, hex_tiny, wad_orctagon,
          uniq_grinder, uniq_duvessa, uniq_ijyb

Skill      XL: |  1  2  3  4  5 |
---------------+----------------+-----
Transmutations | 1 2 |  2.2
Earth Magic    | 3 4 |  4.6
Spellcasting   | 2 |  2.9
Conjurations   | 1 |  1.0
Dodging        | |  1.7
Stealth        | |  1.7

Action                   |  1- 3 |  4- 6 || total
-------------------------+-------+-------++-------
Melee: Unarmed           |     1 |       ||     1
       Spear             |     8 |     6 ||    14
       Whip              |     2 |     9 ||    11
       Punch             |       |     1 ||     1
Throw: Boomerang         |       |     6 ||     6
 Cast: Sandblast         |    52 |    33 ||    85
  Use: Scroll            |       |     1 ||     1
       Potion            |       |     1 ||     1
Armor: Robe              |     8 |     1 ||     9
Dodge: Dodged            |    23 |    10 ||    33

Table legend: (Time is in decaauts)
 A = Elapsed time spent in this place.
 B = Non-inter-level travel time spent in this place.
 C = Inter-level travel time spent in this place.
 D = Time resting spent in this place.
 E = Time spent auto-exploring this place.
 F = Levels seen in this place.
 G = Mean time per level.
                   A        B        C        D        E       F      G
               +--------+--------+--------+--------+--------+-----+--------+
         Total |   3550 |   3480 |     70 |    234 |    763 |   4 |  887.5 |
       Dungeon |   3550 |   3480 |     70 |    234 |    763 |   4 |  887.5 |
               +--------+--------+--------+--------+--------+-----+--------+

Top non-repeatable levels by time:
     D:2: 1310 daAuts
     D:1: 1154 daAuts
     D:3: 963 daAuts
     D:4: 122 daAuts
